Map: Galactic Process LE

Players

TRUE

  • Race: Zerg Zerg

Zest - Winner!

  • Race: Protoss Protoss

Event: 2016 WCS Global Finals

VOD

https://youtu.be/5mQT6tdtcow

Description

Time

  • Played on: Oct. 27, 2016, 3:02 p.m.
  • Length: 7:53

All games in this series

Show
View Real Time Build Order
Export as new Build Order

TRUE Zerg 

Build Orders: Hatch First 

Get SALT Encoding   

  12  0:00  Drone  
  13  0:08  Drone  
  14  0:35  Hatchery  
  14  0:38  Drone  
  14  0:46  Overlord  
  14  0:53  Drone, Extractor  
  15  1:04  Drone  
  15  1:09  Drone  
  17  1:14  Extractor  
  16  1:21  Spawning Pool  
  16  1:24  Drone  
  16  1:28  Drone  
  17  1:35  Drone  
  18  1:44  Drone  
  18  1:47  Drone  
  19  2:03  Hatchery  
  19  2:05  Drone  
  19  2:15  Queen  
  21  2:23  Metabolic Boost  
  21  2:26  Zergling x2  
  22  2:31  Drone  
  22  2:34  Drone  
  24  2:38  Overlord  
  24  2:40  Zergling x2  
  24  2:43  Zergling x2  
  26  2:48  Evolution Chamber  
  26  2:50  Zergling x2  
  26  2:54  Zergling x2  
  26  2:55  Zergling x2  
  28  3:02  Queen  
  29  3:14  Overlord  
  29  3:15  Zergling x6  
  29  3:19  Zergling x2  
  33  3:21  Zergling x2  
  33  3:24  Zergling x2  
  35  3:39  Zerg Melee Weapons Level 1  
  35  3:40  Zergling x6  
  35  3:41  Zergling x2  
  39  3:43  Zergling x2  
  39  3:44  Zergling x2  
  41  3:50  Zergling x4  
  41  3:55  Zergling x2  
  44  3:58  Overlord  
  44  4:02  Zergling x2  
  45  4:06  Zergling x2  
  45  4:08  Zergling x2  
  46  4:11  Zergling x2  
  46  4:13  Zergling x2  
  46  4:15  Zergling x2  
  49  4:17  Zergling x2  
  49  4:21  Zergling x2  
  50  4:25  Zergling x4  
  50  4:27  Zergling x2  
  50  4:30  Zergling x2  
  51  4:36  Zergling x2  
  48  4:38  Zergling x4  
  48  4:41  Zergling x2  
  48  4:42  Zergling x2  
  50  4:46  Zergling x2  
  50  4:49  Zergling x2  
  50  4:52  Zergling x2  
  52  4:55  Zergling x2  
  53  5:03  Zergling x4  
  53  5:06  Zergling x2  
  42  5:09  Spore Crawler  
  42  5:12  Spore Crawler  
  40  5:18  Drone, Spore Crawler  
  40  5:19  Drone  
  41  5:21  Drone  
  41  5:24  Drone  
  41  5:27  Drone  
  44  5:30  Drone  
  44  5:33  Drone  
  44  5:35  Drone  
  47  5:37  Drone  
  47  5:39  Drone  
  49  5:43  Overlord  
  49  5:49  Overlord  
  49  6:03  Zergling x10  
  50  6:09  Zergling x4  
  50  6:10  Zergling x8  
  53  6:11  Zergling x2  
  53  6:12  Zergling x2  
  53  6:15  Zergling x2  
  56  6:20  Zergling x2  
  56  6:24  Zergling x2  
  56  6:25  Zergling x2  
  57  6:26  Zergling x2  
  57  6:35  Queen  
  57  6:37  Zergling x4  
  57  6:39  Zergling x2  
  58  6:41  Overlord  
  58  6:44  Zergling x2  
  58  6:45  Zergling x2, Overlord  
  58  6:50  Zergling x2  
  58  6:51  Zergling x2  
  58  6:52  Zergling x6  
  58  6:53  Zergling x4  
  57  6:56  Zergling x2  
  57  6:57  Zergling x2  
  48  7:02  Zergling x2  
  48  7:04  Zergling x2  
  48  7:08  Zergling x2  
  48  7:12  Zergling x2  
  48  7:14  Zergling x2  
  45  7:20  Zergling x4  
  45  7:21  Zergling x2  
  45  7:22  Zergling x2  
  47  7:25  Zergling x2  
  39  7:32  Zergling x2  
  39  7:33  Zergling x2  
Show
View Real Time Build Order
Export as new Build Order

Zest Protoss - Winner!

Build Orders: 1 Gate Expand, Zealot Archon, Dark Templar Rush 

Get SALT Encoding   

  12  0:00  Probe (Chrono Boost)  
  13  0:11  Probe (Chrono Boost)  
  14  0:18  Pylon  
  14  0:22  Probe (Chrono Boost)  
  15  0:36  Probe (Chrono Boost)  
  15  0:42  Gateway  
  16  0:46  Probe (Chrono Boost)  
  17  0:57  Probe (Chrono Boost)  
  17  0:59  Assimilator  
  18  1:08  Probe (Chrono Boost)  
  20  1:18  Probe (Chrono Boost)  
  20  1:27  Nexus  
  20  1:38  Probe (Chrono Boost)  
  21  1:40  Assimilator  
  21  1:48  Cybernetics Core  
  21  1:49  Probe (Chrono Boost)  
  22  1:56  Pylon  
  22  2:00  Probe (Chrono Boost)  
  23  2:14  Probe (Chrono Boost)  
  24  2:21  Adept  
  24  2:25  Warp Gate  
  28  2:31  Mothership Core (Chrono Boost)  
  28  2:39  Probe (Chrono Boost)  
  29  2:47  Twilight Council  
  29  2:50  Probe x2 (Chrono Boost)  
  31  3:00  Probe x2 (Chrono Boost)  
  33  3:11  Probe x2 (Chrono Boost)  
  35  3:13  Robotics Facility  
  35  3:21  Probe x2 (Chrono Boost)  
  35  3:24  Gateway  
  37  3:32  Dark Shrine, Probe x2 (Chrono Boost)  
  39  3:40  Gateway  
  39  3:43  Gateway  
  39  3:45  Probe (Chrono Boost)  
  39  3:47  Probe (Chrono Boost)  
  42  3:55  Probe (Chrono Boost)  
  42  3:56  Pylon  
  42  3:58  Probe (Chrono Boost)  
  43  4:08  Pylon  
  43  4:09  Pylon  
  43  4:12  Gateway  
  43  4:14  Pylon  
  43  4:18  Pylon  
  43  4:22  Pylon  
  43  4:24  Pylon  
  45  4:38  Probe x2 (Chrono Boost)  
  45  4:43  Gateway  
  45  4:46  Dark Templar  
  45  4:47  Dark Templar x2  
  53  4:54  Probe x2 (Chrono Boost)  
  53  5:04  Warp Prism  
  53  5:06  Pylon, Probe x2 (Chrono Boost)  
  55  5:12  Assimilator  
  57  5:14  Assimilator  
  57  5:18  Probe x2 (Chrono Boost)  
  57  5:19  Resonating Glaives  
  59  5:22  Dark Templar  
  59  5:28  Gateway  
  61  5:29  Gateway  
  61  5:35  Gateway  
  61  5:40  Archon  
  61  5:41  Archon, Observer  
  61  5:46  Pylon  
  62  5:52  Pylon  
  58  6:02  Adept x2  
  55  6:06  Probe x2 (Chrono Boost)  
  55  6:18  Probe x2 (Chrono Boost)  
  55  6:26  Adept  
  55  6:27  Adept x5  
  67  6:36  Adept  
  69  6:50  Adept x6  
  63  7:04  Adept x2  
  67  7:11  Dark Templar  
  67  7:13  Dark Templar  
  67  7:14  Zealot x3  
  77  7:18  Probe (Chrono Boost)  
  78  7:33  Adept x3  
Tags
 
Add a new tag
Caveats
  • Supply blocks, unpowered buildings, or Contaminate may cause inaccurate times.
  • Supply counts are checked every 10 seconds.